 Dungeon Crawl Stone Soup version 0.23-b1-70-gd12f7cf (webtiles) character file.

Game seed: 4992413710481011113

156 Yuikono the Fighter (level 5, 0/85 HPs)
             Began as a Gnoll Wanderer on Feb 6, 2019.
             Succumbed to an orc wizard's poison
             ... on level 3 of the Dungeon.
             The game lasted 00:05:25 (2046 turns).

Yuikono the Fighter (Gnoll Wanderer)                Turns: 2046, Time: 00:05:27

Health: 0/85       AC: 22    Str: 14    XL:     5   Next: 38%
Magic:  7/7        EV:  2    Int: 15    God:
Gold:   93         SH:  0    Dex: 15    Spells: 6/6 levels left

rFire    . . .     SeeInvis .   a - +2 spear
rCold    . . .     Gourm    .   (no shield)
rNeg     + + +     Faith    .   (armour currently unavailable)
rPois    +         Spirit   .   (helmet currently unavailable)
rElec    .         Reflect  .   (cloak currently unavailable)
rCorr    .         Harm     .   (gloves currently unavailable)
MR       .....     NoTele   +   (boots currently unavailable)
Stlth    +++.......             (no amulet)
HPRegen  0.24/turn              q - +4 ring of evasion
MPRegen  0.10/turn              (no ring)

@: lethally poisoned (0 -> -23), tree-form
A: distributed training, strong nose
a: no special abilities


You were on level 3 of the Dungeon.
You were near starving.
You were a tree.
You visited 1 branch of the dungeon, and saw 3 of its levels.

You collected 93 gold pieces.

Inventory:

Hand Weapons
 a - a +2 spear (weapon)
 d - a +0 dagger
 e - a +0 dagger
 g - a +0 hunting sling
Missiles
 h - 34 sling bullets
 n - 21 bolts
 s - 46 stones (quivered)
 x - 7 arrows
Armour
 c - a +0 robe
 m - a +0 chain mail (melded)
 o - a +0 leather armour
 t - a +0 helmet (melded)
Jewellery
 q - a +4 ring of evasion (left branch)
 r - an uncursed amulet of guardian spirit {unknown}
Scrolls
 j - a scroll of blinking {unknown}
 l - 2 scrolls of identify {unknown}
 w - a scroll of enchant weapon {unknown}
Potions
 b - a potion of lignification
 p - a potion of haste
Comestibles
 f - 5 rations


   Skills:
 + Level 12.1 Fighting
 + Level 1.4 Short Blades
 + Level 1.4 Long Blades
 + Level 1.4 Axes
 + Level 1.4 Maces & Flails
 + Level 2.9 Polearms
 + Level 1.4 Staves
 + Level 1.4 Slings
 + Level 1.4 Bows
 + Level 1.4 Crossbows
 + Level 1.4 Throwing
 + Level 1.4 Armour
 + Level 2.9 Dodging
 + Level 4.4 Stealth
 + Level 1.4 Shields
 + Level 1.4 Unarmed Combat
 + Level 1.4 Spellcasting
 + Level 1.1 Conjurations
 + Level 1.1 Hexes
 + Level 1.1 Charms
 + Level 1.1 Summonings
 + Level 1.1 Necromancy
 + Level 1.1 Translocations
 + Level 1.1 Transmutations
 + Level 1.1 Fire Magic
 + Level 1.1 Ice Magic
 + Level 1.1 Air Magic
 + Level 1.1 Earth Magic
 + Level 1.1 Poison Magic
 + Level 1.6 Invocations
 + Level 1.4 Evocations


You had 6 spell levels left.
You didn't know any spells.
Your spell library was empty.

Dungeon Overview and Level Annotations

Branches:
Dungeon (3/15)

Altars:
Gozag
Ru
Sif Muna


Innate Abilities, Weirdness & Mutations

Your experience applies equally to all skills.
((You have very sharp teeth.))
Your uncanny sense of smell can sniff out nearby items.


Message History

You turn into a tree.
Your +0 helmet melds into your body.
Your +0 chain mail melds into your body.
Your roots penetrate the ground.
* * * LOW HITPOINT WARNING * * *
You feel sick.
There is a lethal amount of poison in your body!
There is a lethal amount of poison in your body!
There is a lethal amount of poison in your body!
There is a lethal amount of poison in your body!
There is a lethal amount of poison in your body!
You cannot move.
You cannot move.
You cannot move.
There is a lethal amount of poison in your body!
There is a lethal amount of poison in your body!
* * * LOW HITPOINT WARNING * * *
You feel very sick.
* * * LOW HITPOINT WARNING * * *
You feel sick.
You die...

## #. .. ..
#. .# #.
###.#.#
#.##.....#
......_..# #
#...8).# .#
#.._♣.##.###
#...))......
##.#.........
#.#..†.....##
..#.........#
#.
##..)....## .
##......#
##$..#.# ##
####.##... .#


There were no monsters in sight!

Vanquished Creatures
  An orc wizard (D:3)
  A centaur skeleton (D:2)
  Jessica (D:2)
  2 adders
  2 oozes
  A dart slug (D:1)
  2 orcs (D:3)
  2 bats
  A giant cockroach (D:1)
  6 goblins
  7 hobgoblins
  5 jackals
  A quokka (D:2)
  A frilled lizard (D:1)
  3 kobolds (D:1)
  8 rats
44 creatures vanquished.

Notes
Turn   | Place    | Note
-------+----------+-------------------------------------------
     0 | D:1      | Reached skill level 12 in Fighting
     0 | D:1      | Yuikono the Gnoll Wanderer began the quest for the Orb.
     0 | D:1      | Yuikono set off with the following items: a +2 spear, 2
                  | potions of lignification, a +0 robe, a +0 dagger, a ration
     0 | D:1      | Reached XP level 1. HP: 31/31 MP: 1/1
   289 | D:1      | Reached XP level 2. HP: 38/38 MP: 2/2
   468 | D:1      | Reached XP level 3. HP: 36/44 MP: 3/3
   987 | D:2      | Noticed Jessica
   995 | D:2      | Killed Jessica
   995 | D:2      | Reached skill level 1 in Short Blades
   995 | D:2      | Reached skill level 1 in Long Blades
   995 | D:2      | Reached skill level 1 in Axes
   995 | D:2      | Reached skill level 1 in Maces & Flails
   995 | D:2      | Reached skill level 1 in Staves
   995 | D:2      | Reached skill level 1 in Slings
   995 | D:2      | Reached skill level 1 in Bows
   995 | D:2      | Reached skill level 1 in Crossbows
   995 | D:2      | Reached skill level 1 in Throwing
   995 | D:2      | Reached skill level 1 in Armour
   995 | D:2      | Reached skill level 1 in Shields
   995 | D:2      | Reached skill level 1 in Unarmed Combat
   995 | D:2      | Reached skill level 1 in Spellcasting
   995 | D:2      | Reached skill level 1 in Invocations
   995 | D:2      | Reached skill level 1 in Evocations
   995 | D:2      | Reached XP level 4. HP: 40/51 MP: 5/5
  1188 | D:2      | Found a sacrificial altar of Ru.
  1421 | D:2      | Reached skill level 1 in Conjurations
  1421 | D:2      | Reached skill level 1 in Hexes
  1421 | D:2      | Reached skill level 1 in Charms
  1421 | D:2      | Reached skill level 1 in Summonings
  1421 | D:2      | Reached skill level 1 in Necromancy
  1421 | D:2      | Reached skill level 1 in Translocations
  1421 | D:2      | Reached skill level 1 in Transmutations
  1421 | D:2      | Reached skill level 1 in Fire Magic
  1421 | D:2      | Reached skill level 1 in Ice Magic
  1421 | D:2      | Reached skill level 1 in Air Magic
  1421 | D:2      | Reached skill level 1 in Earth Magic
  1421 | D:2      | Reached skill level 1 in Poison Magic
  1998 | D:3      | Found a deep blue altar of Sif Muna.
  2001 | D:3      | Found an opulent altar of Gozag.
  2016 | D:3      | Reached XP level 5. HP: 55/57 MP: 6/6
  2045 | D:3      | HP: 3/85 [poisoned by an orc wizard]
  2046 | D:3      | Succumbed to an orc wizard's poison

Skill      XL: |  1  2  3  4 |
---------------+-------------+-----
Fighting       | | 12.1
Short Blades   | 1 |  1.4
Long Blades    | 1 |  1.4
Axes           | 1 |  1.4
Maces & Flails | 1 |  1.4
Staves         | 1 |  1.4
Slings         | 1 |  1.4
Bows           | 1 |  1.4
Crossbows      | 1 |  1.4
Throwing       | 1 |  1.4
Armour         | 1 |  1.4
Shields        | 1 |  1.4
Unarmed Combat | 1 |  1.4
Spellcasting   | 1 |  1.4
Invocations    | 1 |  1.6
Evocations     | 1 |  1.4
Conjurations   | 1 |  1.1
Hexes          | 1 |  1.1
Charms         | 1 |  1.1
Summonings     | 1 |  1.1
Necromancy     | 1 |  1.1
Translocations | 1 |  1.1
Transmutations | 1 |  1.1
Fire Magic     | 1 |  1.1
Ice Magic      | 1 |  1.1
Air Magic      | 1 |  1.1
Earth Magic    | 1 |  1.1
Poison Magic   | 1 |  1.1
Polearms       | |  2.9
Dodging        | |  2.9
Stealth        | |  4.4

Action                   |  1- 3 |  4- 6 || total
-------------------------+-------+-------++-------
Melee: Spear             |    88 |    72 ||   160
       Bite              |    11 |     7 ||    18
  Use: Potion            |       |     4 ||     4
       Scroll            |       |     1 ||     1
 Stab: Sleeping          |     6 |       ||     6
  Eat: Chunk             |       |     2 ||     2
Armor: Robe              |     7 |       ||     7
       Chain mail        |     3 |    28 ||    31
       Leather armour    |     2 |       ||     2
Dodge: Dodged            |    51 |    39 ||    90
